 Dungeon Crawl Stone Soup version 0.31-b1-20-g67cafac56d (webtiles) character file.

Game seed: 449434293685174097

2 Esekla the Sneak (level 1, -2/16 HPs)
             Began as an Octopode Delver on Jan 18, 2024.
             Slain by a scorpion (5 damage)
             ... on level 5 of the Dungeon.
             The game lasted 00:01:53 (124 turns).

Esekla the Sneak (Octopode Delver)                   Turns: 124, Time: 00:01:53

Health: -2/16      AC:  1    Str: 11    XL:     1   Next: 30%
Magic:  1/1        EV: 13    Int: 12    God:
Gold:   13         SH:  0    Dex: 13    Spells: 0/0 levels left

rFire   . . .        a - +0 falchion
rCold   . . .        (no shield)
rNeg    . . .        (helmet restricted)
rPois   .            (no amulet)
rElec   .            (no ring)
rCorr   .            (no ring)
SInv    .            (no ring)
Will    +....        (no ring)
Stlth   ++++         (no ring)
HPRegen 0.22/turn    (no ring)
MPRegen 0.07/turn    (no ring)
                     (no ring)

%: no passive effects
@: lethally poisoned (-2 -> -19), enlightened, flying
A: almost no armour, amphibious, 8 rings, camouflage 1, gelatinous body 1,
(nimble swimmer 1), tentacles
a: no special abilities


You were on level 5 of the Dungeon.
You visited 1 branch of the dungeon, and saw 1 of its levels.

You collected 13 gold pieces.

Inventory:

Hand Weapons
 a - a +0 falchion (weapon)
Wands
 f - a wand of digging (3)
Scrolls
 b - a scroll of fog
Potions
 e - a potion of haste


   Skills:
 * Level 3.0 Fighting
 * Level 2.0 Long Blades
 * Level 2.0 Dodging
 + Level 6.6 Stealth


You couldn't memorise any spells.
You didn't know any spells.
Your spell library was empty.

Dungeon Overview and Level Annotations

Branches:
Dungeon (5/15)
 Temple: D:4-7

Altars:
Ashenzari
Makhleb
Nemelex Xobeh
Uskayaw
The Shining One


Innate Abilities, Weirdness & Mutations

You cannot wear most types of armour.
You are amphibious.
You can wear up to eight rings at the same time.
Your skin changes colour to match your surroundings (Stealth+).
Your rubbery body absorbs attacks. (AC +1, EV +1)
((You are camouflaged when in or above water. (Stealth+)))
You have tentacles for arms and can constrict up to eight enemies at once.


Message History

You start resting.
HP restored.
Found a hide-covered altar of Uskayaw.
Found a burning altar of Makhleb and a glowing golden altar of the Shining One.
There is a stone staircase leading up here.
Found a broken altar of Ashenzari.
An ice beast and a gnoll come into view.
Found a scroll labelled KOFA IBREA.
Found a sparkling altar of Nemelex Xobeh.
The scorpion barely misses you. The scorpion stings you.
You barely miss the scorpion. You grab the scorpion.
You constrict the scorpion, but do no damage.
The scorpion stings you.
You are poisoned.
The scorpion poisons you!
You hit the scorpion. You squeeze the scorpion.
The scorpion is moderately wounded.
You constrict the scorpion, but do no damage.
You feel sick. The scorpion stings you.
* * * LOW HITPOINT WARNING * * *
You are more poisoned.
The scorpion poisons you! The scorpion closely misses you.
It was a potion of heal wounds.
You feel much better.
You constrict the scorpion, but do no damage.
You feel very sick. The scorpion closely misses you.
You hit the scorpion but do no damage. You squeeze the scorpion.
The scorpion is moderately wounded.
You constrict the scorpion.
You feel very sick. The scorpion stings you.
You are lethally poisoned!
The scorpion poisons you!
It was a potion of enlightenment.
You feel very buoyant.
You fly up into the air.
You constrict the scorpion.
* * * LOW HITPOINT WARNING * * *
You feel very sick. The scorpion stings you.
You die...

*,,,,,,,,#...._....,,,,* *,*,**,
*,,,,,,,,#.._.....####.* *,*,,,,
**,,,**,,#.............***,*****
**,,,**,,#....⌠.._.....*,,,*
*,,,,**,,#.............,,,,*
*,,,,,,,,#$._..._.Y...#*,,,*
*,,,,,,,,#.........?g.#*,,,*
*,,,,*****#.....#*,,,,,,,,.#
**,,,**,.##....@#*,,,,,,g..#
**,,,**,.....%.s#*,,,,*#...#
*,,,,,,,.......<########...#
*,,,,,,,...................#
*,,,,,,,...................#
********,.####.=.##....##..#*
,,,,,***,,***#...##....##..##
,*,,,,,,,,,,.....#..........#
,*,,,,,,,,,....$.#..........#


You could see a scorpion.

Vanquished Creatures
  An orc (D:5)
1 creature vanquished.

Notes
Turn   | Place    | Note
-------+----------+-------------------------------------------
     0 | D:5      | Esekla the Octopode Delver began the quest for the Orb.
     0 | D:5      | Reached XP level 1. HP: 16/16 MP: 1/1
    57 | D:5      | Noticed a sleepcap
    70 | D:5      | Noticed a scorpion
    94 | D:5      | Noticed a scorpion
   114 | D:5      | Found a hide-covered altar of Uskayaw.
   115 | D:5      | Found a burning altar of Makhleb.
   115 | D:5      | Found a glowing golden altar of the Shining One.
   117 | D:5      | Found a broken altar of Ashenzari.
   118 | D:5      | Found a sparkling altar of Nemelex Xobeh.
   118 | D:5      | Noticed an ice beast
   124 | D:5      | Slain by a scorpion

Illustrated notes

Levels and vault maps discovered:
D:5:      layout_gridville, grunt_temple_overflow_open, corexii_hall_statues_i,
          patterned_corridor, uniq_blork_the_orc

Action                     || total
---------------------------++-------
  Melee: Falchion          ||     8
         Constrict         ||     2
         Tentacles         ||     2
    Use: Scroll            ||     2
         Potion            ||     2
 Armour: Skin              ||     9
  Dodge: Dodged            ||     5
